 Dungeon Crawl Stone Soup version 0.30-a0-1160-g6e42c06551 (webtiles) character file.

Game seed: 8507515254742552702

2755 Ahpoh the Slasher (level 9, -2/47 HPs)
             Began as a Vine Stalker Berserker on Apr 26, 2023.
             Was a Priest of Trog.
             Killed by divine providence
             ... invoked by an orc priest
              (9 damage)
             ... on level 8 of the Dungeon.
             The game lasted 00:19:45 (5706 turns).

Ahpoh the Slasher (Vine Stalker Berserker)          Turns: 5706, Time: 00:19:46

Health: -2/47      AC: 13    Str: 20    XL:     9   Next: 68%
Magic:  0/10       EV:  9    Int:  7    God:    Trog [***...]
Gold:   260        SH:  5    Dex: 18    Spells: 8/8 levels left

rFire   . . .        a - +0 falchion
rCold   + . .        C - +0 buckler
rNeg    . . .        y - +0 chain mail
rPois   .            B - +0 helmet
rElec   .            F - +0 cloak
rCorr   .            u - +0 pair of gloves
SInv    .            (no boots)
Will    +++..        (no amulet) Stlth
                     f - ring of flight
HPRegen 2.07/turn    q - ring of protection from cold
MPRegen 0.12/turn

%: guardian spirit
@: lethally poisoned (-2 -> -3), marked, strong-willed, on berserk cooldown,
flying, regenerating, slowed, very slow
A: fangs 3, regeneration 1, magic shield, antimagic bite, no potion heal 2
a: Renounce Religion, Berserk, Trog's Hand


You were on level 8 of the Dungeon.
You worshipped Trog.
Trog was most pleased with you.
You visited 1 branch of the dungeon, and saw 9 of its levels.

You collected 260 gold pieces.

Inventory:

Hand Weapons
 a - a +0 falchion (weapon)
Missiles
 k - 4 atropa-tipped darts
 t - 10 poisoned darts (quivered)
Armour
 d - a +0 plate armour
 u - a +0 pair of gloves (worn)
 y - a +0 chain mail (worn)
 B - a +0 helmet (worn)
 C - a +0 buckler (worn)
 F - a +0 cloak (worn)
Jewellery
 f - a ring of flight (left hand)
 m - a ring of fire
 q - a ring of protection from cold (right hand)
Wands
 D - a wand of paralysis (12)
Scrolls
 g - a scroll of fear {unknown}
 h - 2 scrolls of amnesia {unknown}
 i - 9 scrolls of teleportation
 j - a scroll of torment {unknown}
 l - 3 scrolls of blinking {unknown}
 n - 2 scrolls of poison {unknown}
 o - 3 scrolls of fog {unknown}
 s - a scroll of noise {unknown}
 w - a scroll of enchant armour {unknown}
 A - 2 scrolls of enchant weapon {unknown}
 E - a scroll of vulnerability {unknown}
Potions
 b - a potion of flight {unknown}
 c - 6 potions of curing
 e - a potion of attraction
 p - a potion of brilliance
 r - a potion of degeneration {unknown}
 x - 2 potions of berserk rage
 z - a potion of resistance {unknown}


   Skills:
 + Level 5.4 Fighting
 + Level 7.9 Long Blades
 + Level 1.3 Throwing
 + Level 5.7 Armour
 + Level 3.4 Dodging
 + Level 2.9 Stealth
 + Level 2.3 Shields


You had 8 spell levels left.
You didn't know any spells.
Your spell library was empty.

Dungeon Overview and Level Annotations

Branches:
Dungeon (9/15)             Temple (0/1) D:4            Lair (0/5) D:8
    Orc: D:9-12

Altars:
Ashenzari
Fedhas
Gozag
Nemelex Xobeh
Okawaru
Ru
Uskayaw

Shops:
D:1 =[(   D:4 [[=   D:8 *


Innate Abilities, Weirdness & Mutations

You have razor-sharp teeth.
Your natural rate of healing is unusually fast.
When hurt, damage is shared between your health and your magic reserves.
Your bite disrupts and absorbs the magic of your enemies.
Potions cannot restore your health.


Message History

The killer bee stings you.
You slash the killer bee!
The killer bee is heavily wounded.
You are no longer berserk.
You are exhausted.
You feel yourself slow down.
The killer bee stings you but does no damage.
You block the orc priest's attack.
You hit the killer bee.
You bite the killer bee, but do no damage.
The killer bee is severely wounded.
The killer bee stings you but does no damage. x2
The orc priest hits you but does no damage.
The killer bee barely misses you.
You closely miss the killer bee. You bite the killer bee. You drain its power.
The killer bee is severely wounded.
The killer bee barely misses you.
The orc priest hits you from afar with a +0 trident.
You block the killer bee's attack. The orc priest barely misses you.
The killer bee stings you.
Your skin crawls.
You feel strong-willed. The killer bee stings you.
You are poisoned.
The killer bee poisons you! The killer bee barely misses you.
The orc priest hits you from afar with a +0 trident!
The orc priest mumbles some strange prayers to Beogh against you.
Beogh smites you!
* * * LOW HITPOINT WARNING * * *
The orc warrior closely misses you. The killer bee barely misses you.
You miss the killer bee.
You bite the killer bee, but do no damage.
The killer bee is severely wounded.
You feel sick. The killer bee stings you.
* * * LOW HITPOINT WARNING * * *
You are more poisoned.
The killer bee poisons you!
The orc priest invokes the aid of Beogh against you.
Beogh smites you!
You die...

#######.......##....#.....##
#..............##..##.)###
#............##....###)..#
#.........##......####.)..
#....................)>)..
#...............#.##.o)#).#
#.(.........###.##....##..##
)........#o#####.#...####.###
.....$..oooy@.$..............
.....#..##o###...........####
....#.#...# #..#####..# ..
#.#.### .# ##..## # #.
#....### # ......##...(
....###..).. ........###.
....#### #.


You could see an orc warrior, a killer bee, 2 orc priests and 2 orcs.

Vanquished Creatures
  2 unseen horror zombies (D:9)
  3 water moccasins
  2 sky beasts
  A black bear (D:8)
  3 ogres
  A centaur (D:5)
  Blork the orc (D:6)
  3 bullfrogs
  3 scorpions
  5 killer bees
  3 jellies
  3 hounds
  2 orc priests (D:8)
  A sleepcap (D:6)
  2 iguanas (D:6)
  5 orc wizards
  Robin (D:3)
  4 gnolls (D:4)
  7 adders
  3 shadow imps (D:6)
  2 ufetubi (D:5)
  A worm (D:3)
  2 dart slugs
  13 orcs
  11 ball pythons
  5 endoplasms
  7 giant cockroaches
  11 goblins
  7 hobgoblins
  3 quokkas
  3 bats
  2 frilled lizards
  5 kobolds
  4 rats
131 creatures vanquished.

Vanquished Creatures (others)
  4 plants (D:4)
  A withered plant (D:9)
5 creatures vanquished.

Grand Total: 136 creatures vanquished

Notes
Turn   | Place    | Note
-------+----------+-------------------------------------------
     0 | D:1      | Ahpoh the Vine Stalker Berserker began the quest for the
                  | Orb.
     0 | D:1      | Reached XP level 1. HP: 11/11 MP: 2/2
     5 | D:1      | Found Veulot's Armour Shop.
    51 | D:1      | Found Godghatz's Antique Weapon Shoppe.
   124 | D:1      | Found Sauvvu's Jewellery Shop.
   515 | D:1      | Reached XP level 2. HP: 14/16 MP: 1/3
   683 | D:1      | Reached skill level 3 in Long Blades
   970 | D:2      | Found a faded altar of an unknown god.
  1221 | D:2      | Reached XP level 3. HP: 19/19 MP: 4/4
  2150 | D:3      | Gained mutation: Your natural rate of healing is unusually
                  | fast. [Vine Stalker growth]
  2150 | D:3      | Reached XP level 4. HP: 24/24 MP: 3/5
  2266 | D:3      | Reached ** piety under Trog
  2639 | D:4      | Found a staircase to the Ecumenical Temple.
  2657 | D:4      | Noticed a scorpion
  2664 | D:4      | Killed a scorpion
  2665 | D:4      | Reached skill level 4 in Long Blades
  2665 | D:4      | Reached XP level 5. HP: 28/28 MP: 6/6
  2727 | D:4      | Reached skill level 1 in Stealth
  2845 | D:4      | Found Qookk's Antique Armour Shop.
  2867 | D:4      | Reached XP level 6. HP: 32/32 MP: 7/7
  2939 | D:4      | Identified the +3 short sword of Hitwinef {venom, rElec rC-
                  | Dex+3}
  2951 | D:4      | Found Urchuecitt's Jewellery Shop.
  3067 | D:4      | Noticed Robin
  3252 | D:3      | Killed Robin
  3530 | D:4      | Reached skill level 5 in Long Blades
  3545 | D:4      | Found a sacrificial altar of Ru.
  3569 | D:4      | Reached XP level 7. HP: 37/37 MP: 8/8
  3723 | D:4      | Found Kadyl's Armour Shoppe.
  3918 | D:5      | Entered Level 5 of the Dungeon
  4096 | D:5      | Reached skill level 1 in Throwing
  4454 | D:5      | Found an iron altar of Okawaru.
  4456 | D:5      | Found a broken altar of Ashenzari.
  4505 | D:6      | Gained mutation: You have razor-sharp teeth. [Vine Stalker
                  | growth]
  4505 | D:6      | Reached XP level 8. HP: 23/42 MP: 5/9
  4601 | D:6      | Reached skill level 6 in Long Blades
  4677 | D:6      | Reached skill level 1 in Shields
  4679 | D:6      | Found a hide-covered altar of Uskayaw.
  4756 | D:6      | Noticed Blork the orc
  4767 | D:6      | Killed Blork the orc
  4962 | D:6      | Found an opulent altar of Gozag.
  5129 | D:7      | You are sucked into a shaft and drop 2 floors!
  5225 | D:9      | Reached skill level 7 in Long Blades
  5225 | D:9      | Reached skill level 5 in Armour
  5225 | D:9      | Reached XP level 9. HP: 25/46 MP: 10/10
  5244 | D:9      | Reached skill level 5 in Fighting
  5248 | D:9      | Reached *** piety under Trog
  5273 | D:9      | Noticed a mana viper
  5274 | D:9      | a mana viper changed into a cyclops
  5274 | D:9      | Noticed a cyclops (shapeshifter)
  5277 | D:9      | a cyclops changed into a water nymph
  5277 | D:9      | Noticed a water nymph (shapeshifter)
  5417 | D:8      | Found a sparkling altar of Nemelex Xobeh.
  5420 | D:8      | Found a staircase to the Lair.
  5464 | D:8      | Found Xialoym's Serpentskin Sales.
  5525 | D:8      | Found a blossoming altar of Fedhas.
  5706 | D:8      | Killed from afar by an orc priest

Illustrated notes

Levels and vault maps discovered:
D:1:      amcnicky_arrival_single_pillar, layout_loops_corners, serial_shops,
          shop, nicolae_shop_temple_entry_statues_fountains, nicolae_shop_stone,
          minmay_quantized
D:2:      layout_loops_ring, hellmonk_ecumenical_altar_heavens_door
D:3:      layout_basic, serial_glass, glass_columns_c, glass_columns_a
D:4:      layout_cave_pods, nicolae_ru_great_annihilating_truth,
          minmay_temple_entry_gardened_gates, serial_shops,
          nicolae_shop_crystal, nicolae_shop_tiny_real_fake_doors,
          kennysheep_mini, hangedman_decor_growths, uniq_robin
D:5:      layout_basic, mainiacjoe_overflow_divided_tiny
D:6:      layout_cave_pools, mainiacjoe_overflow_24_doors,
          mainiacjoe_overflow_brackets, chequers_serial_rivers_micro_a,
          amcnicky_mini_rare_corridor_liquid, uniq_blork_the_orc
D:7:      layout_basic
D:8:      layout_rooms, mainiacjoe_overflow_paths,
          mainiacjoe_overflow_small_starburst,
          mainiacjoe_overflow_concentric_impassable, lair_entry_dummy,
          guppyfry_shop_venom
D:9:      layout_long_grid, old_standard_altar, serial_undead, serial_undead_e,
          serial_undead_b, serial_undead_b, serial_undead_b, serial_undead_a,
          serial_undead_a

Skill      XL: |  1  2  3  4  5  6  7  8  9 |
---------------+----------------------------+-----
Long Blades    | 3 4 5 7 |  7.9
Fighting       | 3 4 5 |  5.4
Armour         | 2 3 4 5 |  5.7
Dodging        | 2 3 |  3.4
Stealth        | 1 2 |  2.9
Throwing       | 1 |  1.3
Shields        | 1 2 |  2.3

Action                     |  1- 3 |  4- 6 |  7- 9 || total
---------------------------+-------+-------+-------++-------
  Melee: Falchion          |   101 |   122 |   253 ||   476
         Bite              |    13 |    27 |    80 ||   120
         Punch             |     2 |     1 |       ||     3
  Throw: Dart              |       |    11 |       ||    11
 Invoke: Berserk           |     2 |     4 |     4 ||    10
         Trog's Hand       |       |       |     1 ||     1
    Use: Scroll            |       |       |     7 ||     7
         Potion            |       |       |     2 ||     2
   Stab: Paralysed         |       |     1 |       ||     1
 Armour: Ring mail         |    32 |    10 |       ||    42
         Chain mail        |       |    69 |   143 ||   212
         Skin              |       |       |    44 ||    44
  Dodge: Dodged            |    56 |    52 |   125 ||   233
  Block: Buckler           |       |     4 |    65 ||    69

Table legend: (Time is in decaauts)
 A = Elapsed time spent in this place.
 B = Non-inter-level travel time spent in this place.
 C = Inter-level travel time spent in this place.
 D = Time resting spent in this place.
 E = Time spent auto-exploring this place.
 F = Levels seen in this place.
 G = Mean time per level.
                   A        B        C        D        E       F      G
               +--------+--------+--------+--------+--------+-----+--------+
         Total |   5790 |   5672 |    118 |    426 |   3764 |   9 |  643.3 |
       Dungeon |   5790 |   5672 |    118 |    426 |   3764 |   9 |  643.3 |
               +--------+--------+--------+--------+--------+-----+--------+

Top non-repeatable levels by time:
     D:4: 1156 daAuts
     D:3: 1116 daAuts
     D:1: 971 daAuts
     D:2: 754 daAuts
     D:6: 629 daAuts
     D:5: 601 daAuts
     D:8: 403 daAuts
     D:9: 156 daAuts
